 Dungeon Crawl Stone Soup version 0.28-b1-25-g9875b3fc8c (webtiles) character file.

Game seed: 13103573571749623352

99 pkoi the Chopper (level 4, -9/38 HPs)
             Began as a Minotaur Gladiator on Feb 1, 2022.
             Mangled by Menkaure (11 damage)
             ... on level 4 of the Dungeon.
             The game lasted 00:01:55 (1798 turns).

pkoi the Chopper (Minotaur Gladiator)               Turns: 1798, Time: 00:01:56

Health: -9/38      AC: 10    Str: 20    XL:     4   Next: 45%
Magic:  12/12      EV:  8    Int:  5    God:
Gold:   70         SH:  0    Dex: 12    Spells: 3/3 levels left

rFire   . . .      SeeInvis .   a - +0 war axe
rCold   . . .      Faith    .   (no shield)
rNeg    . . .      Spirit   .   m - +0 chain mail
rPois   +          Reflect  .   c - +0 hat
rElec   .          Harm     .   (no cloak)
rCorr   +          Rampage  .   o - +0 pair of gloves
Will    .....                   p - +0 pair of boots
Stlth   ..........              (no amulet)
HPRegen 0.12/turn               f - ring "Barurghi" {rPois rCorr MP+9}
MPRegen 0.13/turn               (no ring)

@: no status effects
A: horns 2, retaliatory headbutt
a: no special abilities


You were on level 4 of the Dungeon.
You visited 1 branch of the dungeon, and saw 3 of its levels.

You collected 70 gold pieces.

Inventory:

Hand Weapons
 a - a +0 war axe (weapon)
Missiles
 d - 3 throwing nets
 j - 8 poisoned darts (quivered)
Armour
 b - a +0 leather armour
 c - a +0 hat (worn)
 m - a +0 chain mail (worn)
 o - a +0 pair of gloves (worn)
 p - a +0 pair of boots (worn)
Jewellery
 f - the ring "Barurghi" (left hand) {rPois rCorr MP+9}
   (You found it on level 2 of the Dungeon)

   [ring of resist corrosion]

   rPois:     It protects you from poison.
   MP:        It affects your magic capacity (+9).
   rCorr:     It protects you from acid and corrosion.
Scrolls
 g - a scroll of teleportation
 k - 3 scrolls of identify
 l - a scroll of magic mapping {unknown}
Potions
 e - 3 potions of heal wounds
 h - a potion of berserk rage {unknown}
 i - a potion of curing


   Skills:
 + Level 3.3 Fighting
 * Level 4.9 Axes
 - Level 2.0 Throwing
 + Level 1.9 Armour
 + Level 3.9 Dodging


You had 3 spell levels left.
You didn't know any spells.
Your spell library was empty.

Dungeon Overview and Level Annotations

Branches:
Dungeon (2/15)

Altars:

Annotations:
D:4 Menkaure


Innate Abilities, Weirdness & Mutations

You have a pair of horns on your head.
You reflexively headbutt those who attack you in melee.


Message History

No target in view!
No target in view!
No target in view!
Menkaure and a goblin come into view.
The goblin shouts!
The goblin unwields a +0 club.
The goblin wields a +0 hunting sling.
The goblin shoots a sling bullet.
The sling bullet hits you.
There are monsters nearby!
There are monsters nearby!
The goblin shoots a sling bullet.
The sling bullet hits you!
You start resting.
A goblin is nearby!
You slash the goblin!
You kill the goblin!
Things that are here:
a +0 hunting sling; a +0 club; 27 sling bullets You slash Menkaure!
You headbutt Menkaure.
Menkaure is heavily damaged.
Menkaure casts a spell.
Menkaure seems to speed up.
You completely miss Menkaure.
You headbutt Menkaure, but do no damage.
Menkaure is heavily damaged.
Menkaure hits you but does no damage.
You hit Menkaure.
You headbutt Menkaure, but do no damage.
Menkaure is almost destroyed.
Menkaure calls on the powers of darkness!
Your body is wracked with pain!
Menkaure hits you but does no damage.
You completely miss Menkaure. Your headbutt misses Menkaure.
Menkaure is almost destroyed.
Menkaure hits you but does no damage.
You hit Menkaure. Your headbutt misses Menkaure.
Menkaure is almost destroyed.
Menkaure hits you but does no damage. Menkaure hits you!
* * * LOW HITPOINT WARNING * * *
You hit Menkaure.
Menkaure is almost destroyed.
Menkaure hits you!
You die...

#.. ############ #.#
#..........# #.#
#.########@# #.# #.# #M# #.#
#.# #.# #.# #
#####.########.####.##..##
#....................g...#
###.#..........#......##..##
....#.#.######.########


.gM #####.#.# # # #####.#[# You could see Menkaure (fast).

Vanquished Creatures
  A hound (D:4)
  2 adders (D:2)
  2 worms (D:2)
  3 ball pythons
  A bat (D:2)
  An endoplasm (D:4)
  A giant cockroach (D:2)
  3 goblins
  11 hobgoblins
  4 jackals (D:2)
  4 kobolds
  A quokka (D:1)
  3 frilled lizards (D:1)
  3 rats (D:2)
40 creatures vanquished.

Notes
Turn   | Place    | Note
-------+----------+-------------------------------------------
     0 | D:1      | pkoi the Minotaur Gladiator began the quest for the Orb.
     0 | D:1      | Reached XP level 1. HP: 18/18 MP: 0/0
   218 | D:1      | Found a faded altar of an unknown god.
   331 | D:1      | Reached XP level 2. HP: 18/25 MP: 1/1
   446 | D:1      | Reached skill level 4 in Axes
   962 | D:2      | Reached skill level 1 in Armour
   966 | D:2      | Reached XP level 3. HP: 16/31 MP: 2/2
  1164 | D:2      | Identified the +4 leather armour "Qieddink" {Harm Will+
                  | rCorr Int-5}
  1196 | D:2      | Identified the ring "Barurghi" {rPois rCorr MP+9}
  1669 | D:2      | You fall into a shaft and drop 2 floors!
  1728 | D:4      | Reached XP level 4. HP: 38/38 MP: 3/3
  1774 | D:4      | Noticed Menkaure
  1797 | D:4      | HP: 1/38 [Menkaure (17)]
  1798 | D:4      | Mangled by Menkaure

Illustrated notes

Levels and vault maps discovered:
D:1:      wander_arrival_lonely_grave, layout_loops_ring,
          shapermc_ecumenical_altar_mp_vishouse, minmay_tetromino_t2
D:2:      layout_rooms
D:4:      layout_loops_ring, gammafunk_ghost_gnarly_gnolls, uniq_menkaure

Skill      XL: |  1  2 |
---------------+-------+-----
Axes           | 4 |  4.9
Armour         | 1 |  1.9
Fighting       | 3 |  3.3
Throwing       | |  2.0
Dodging        | |  3.9

Action                   |  1- 3 |  4- 6 || total
-------------------------+-------+-------++-------
Melee: War axe           |    71 |    11 ||    82
       Headbutt          |    12 |     5 ||    17
       Punch             |     1 |       ||     1
  Use: Scroll            |     5 |       ||     5
       Potion            |     4 |       ||     4
Armor: Leather armour    |    19 |       ||    19
       Skin              |     6 |       ||     6
       Chain mail        |     2 |     8 ||    10
Dodge: Dodged            |    55 |     1 ||    56
